 Dungeon Crawl Stone Soup version 0.21.1-1-g345015f (webtiles) character file.

139 kae the Insei (level 5, -5/41 HPs)
             Began as a Draconian Transmuter on May 15, 2018.
             Slain by Sigmund
             ... wielding a +0 scythe
              (10 damage)
             ... on level 3 of the Dungeon.
             The game lasted 00:02:00 (2432 turns).

kae the Insei (Draconian Transmuter)                Turns: 2432, Time: 00:02:01

Health: -5/41      AC:  2    Str: 12    XL:     5   Next: 1%
Magic:  3/8        EV: 19    Int: 14    God:
Gold:   79         SH:  0    Dex: 17    Spells: 3/9 levels left

rFire    . . .     SeeInvis .     - Unarmed
rCold    . . .     Gourm    .   (shield currently unavailable)
rNeg     . . .     Faith    .   (armour unavailable)
rPois    x         Spirit   .   (helmet currently unavailable)
rElec    .         Reflect  .   (cloak currently unavailable)
rCorr    .         Harm     .   (gloves currently unavailable)
MR       .....                  (boots currently unavailable)
Stlth    ++........             (no amulet)
HPRegen  0.13/turn              (no ring)
MPRegen  0.11/turn              (no ring)

@: spider-form (expiring), very slightly contaminated
A: tiny, unfitting armour, AC +5
a: End Transformation


You were on level 3 of the Dungeon.
You were hungry.
You were a venomous arachnid creature.
You visited 1 branch of the dungeon, and saw 3 of its levels.

You collected 79 gold pieces.

Inventory:

Missiles
 a - 41 arrows
Scrolls
 k - a scroll of remove curse
Potions
 f - a potion of heal wounds
 g - a potion of resistance {unknown}
 i - a potion of curing {unknown}
 j - a potion of ambrosia {unknown}
 m - a potion of degeneration {unknown}
 o - a potion of haste {unknown}
Books
 b - a book of Changes

   Spells                             Type                      Level
   a - Beastly Appendage              Transmutation                1
   b - Sticks to Snakes               Transmutation                2
   c - Spider Form                    Transmutation/Poison         3
   d - Ice Form                       Ice/Transmutation            4
   e - Blade Hands                    Transmutation                5
 n - a book of Minor Magic

   Spells                             Type                      Level
   a - Magic Dart                     Conjuration                  1
   b - Blink                          Translocation                2
   c - Call Imp                       Summoning                    2
   d - Slow                           Hexes                        2
   e - Conjure Flame                  Conjuration/Fire             3
   f - Mephitic Cloud                 Conjuration/Poison/Air       3
Comestibles
 c - 4 rations
 d - 4 chunks of flesh


   Skills:
 + Level 2.2 Fighting
 - Level 1.7 Dodging
 * Level 4.1 Unarmed Combat
 + Level 2.6 Spellcasting
 * Level 3.4 Transmutations


You had 3 spell levels left.
You knew the following spells:

 Your Spells              Type           Power        Failure   Level  Hunger
a - Beastly Appendage     Tmut           ##....       16%         1    #......
b - Sticks to Snakes      Tmut           ##......     22%         2    ###....
c - Spider Form           Tmut/Pois      #.........   54%         3    ###....


Dungeon Overview and Level Annotations

Branches:
Dungeon (3/15)

Altars:
Fedhas
Qazlal

Annotations:
D:3 Sigmund; Wanze's ghost, weakling DrWn


Innate Abilities, Weirdness & Mutations

((Your plain brown scales are hard. (AC +5)))
You cannot fit into any form of body armour.
((You are cold-blooded and may be slowed by cold attacks.))


Message History

No target in view!
No target in view!
No target in view!
You hit something but do no damage. Something closely misses you.
You closely miss something.
You hear some strange, mumbled words.
Something tries to affect you, but you resist.
You barely miss something. Something barely misses you.
You bite something! You hit something but do no damage.
Your transformation is almost over.
You hear some strange, mumbled words.
A magic dart appears from out of thin air!
The magic dart hits you!
You closely miss something. Something hits you!
You hit something. You closely miss something. Something hits you!
* * * LOW HITPOINT WARNING * * *
You closely miss something. Something hits you!
You die...

######+###
#........#
#........#
#.....<..#
##<..?....##
#..........#
#....s.....#
#...{......#
#.$........#
#..........#
#..........#
#..........#
#..........#
############


There were no monsters in sight!

Vanquished Creatures
  A bullfrog (D:2)
  2 adders (D:2)
  An ooze (D:1)
  A worm (D:2)
  2 dart slugs
  3 orcs (D:2)
  6 bats
  A giant cockroach (D:2)
  6 hobgoblins
  A quokka (D:2)
  3 frilled lizards
  2 goblins (D:1)
  9 kobolds
  6 rats
44 creatures vanquished.

Notes
Turn   | Place    | Note
-------+----------+-------------------------------------------
     0 | D:1      | kae the Draconian Transmuter began the quest for the Orb.
     0 | D:1      | Reached XP level 1. HP: 16/16 MP: 3/3
   254 | D:1      | Reached XP level 2. HP: 18/23 MP: 3/5
   779 | D:1      | Reached XP level 3. HP: 19/28 MP: 6/6
  1686 | D:2      | Found a faded altar of an unknown god.
  1927 | D:2      | Found a stormy altar of Qazlal.
  1929 | D:2      | Found a blossoming altar of Fedhas.
  2127 | D:3      | Noticed Wanze's ghost (weakling DrWn)
  2128 | D:3      | Noticed a bullfrog
  2140 | D:2      | Reached XP level 4. HP: 28/36 MP: 5/7
  2208 | D:2      | Learned a level 2 spell: Sticks to Snakes
  2212 | D:2      | Learned a level 3 spell: Spider Form
  2284 | D:2      | Killed a bullfrog
  2284 | D:2      | Reached skill level 4 in Unarmed Combat
  2284 | D:2      | Reached XP level 5. HP: 25/41 MP: 1/8
  2416 | D:3      | Noticed Sigmund
  2432 | D:3      | Slain by Sigmund

Skill      XL: |  1  2  3  4 |
---------------+-------------+-----
Transmutations | 3 |  3.4
Fighting       | 2 |  2.2
Unarmed Combat | 4 |  4.1
Dodging        | |  1.7
Spellcasting   | |  2.6

Action                   |  1- 3 |  4- 6 || total
-------------------------+-------+-------++-------
Melee: Unarmed           |   149 |    21 ||   170
       Kick              |     4 |       ||     4
       Tailslap          |    11 |       ||    11
       Headbutt          |     4 |       ||     4
       Punch             |     1 |       ||     1
 Cast: Beastly Appendage |    11 |       ||    11
       Spider Form       |       |     2 ||     2
  Use: Scroll            |     6 |       ||     6
  Eat: Chunk             |     3 |     2 ||     5
Armor: Skin              |    36 |     1 ||    37
Dodge: Dodged            |    99 |    20 ||   119
